 Dungeon Crawl Stone Soup version 0.25-a0-577-ga4619f409e (webtiles) character file.

Game seed: 15431968263774651063, levelgen mode: deterministic

1575 Kohma the Grappler (level 8, -5/79 HPs)
             Began as a Troll Monk on Mar 2, 2020.
             Was an Elder of Okawaru.
             Slain by an orc warrior
             ... wielding a +0 war axe
              (7 damage)
             ... on level 7 of the Dungeon.
             The game lasted 00:12:34 (5420 turns).

Kohma the Grappler (Troll Monk)                     Turns: 5420, Time: 00:12:34

Health: -5/79      AC:  8    Str: 20    XL:     8   Next: 60%
Magic:  8/8        EV: 12    Int:  6    God:    Okawaru [****..]
Gold:   192        SH:  0    Dex: 14    Spells: 7/7 levels left

rFire    . . .     SeeInvis .     - Unarmed
rCold    . . .     Gourm    +   (no shield)
rNeg     . . .     Faith    .   a - +0 robe
rPois    .         Spirit   .   (helmet restricted)
rElec    .         Reflect  .   f - +1 cloak
rCorr    .         Harm     .   (gloves unavailable)
MR       .....                  (boots unavailable)
Stlth    ++........             (no amulet)
HPRegen  0.63/turn              o - ring of flight
MPRegen  0.11/turn              (no ring)

@: no status effects
A: large, unfitting armour, claws 3, fast metabolism 3, gourmand, regeneration
1, shaggy fur 1, tough skin 3
a: Heroism, Renounce Religion, Evoke Flight


You were on level 7 of the Dungeon.
You worshipped Okawaru.
Okawaru was greatly pleased with you.
You were completely stuffed.

You visited 2 branches of the dungeon, and saw 8 of its levels.

You collected 192 gold pieces.

Inventory:

Hand Weapons
 n - a +0 giant spiked club
Missiles
 k - 4 large rocks (quivered)
 w - 26 poisoned darts
Armour
 a - a +0 robe (worn)
 f - a +1 cloak (worn)
 r - a +2 tower shield
Jewellery
 o - a ring of flight (left claw)
 v - a +2 ring of strength {unknown}
Wands
 i - a wand of digging (6)
Scrolls
 d - a scroll of identify
 e - 2 scrolls of remove curse
 g - a scroll of amnesia
 s - 2 scrolls of teleportation
 y - a scroll of holy word {unknown}
Potions
 c - a potion of degeneration {unknown}
 h - a potion of brilliance
 j - 4 potions of curing
 l - 2 potions of stabbing
 m - a potion of heal wounds {unknown}
 p - 2 potions of haste
 q - a potion of lignification {unknown}
 t - 3 potions of invisibility {unknown}
 u - a potion of might {unknown}
 z - a potion of experience {unknown}
 B - 2 potions of flight
Comestibles
 b - 19 rations
 x - 6 chunks of flesh


   Skills:
 + Level 4.5 Fighting
 - Level 4.0 Dodging
 - Level 1.0 Stealth
 + Level 0.8 Shields
 * Level 9.0 Unarmed Combat
 - Level 2.0 Invocations


You had 7 spell levels left.
You didn't know any spells.
Your spell library was empty.

Dungeon Overview and Level Annotations

Branches:
Dungeon (7/15)             Temple (1/1) D:6

Altars:
Ashenzari
Cheibriados
Dithmenos
Elyvilon
Fedhas
Gozag
Hepliaklqana
Kikubaaqudgha
Makhleb
Nemelex Xobeh
Okawaru
Qazlal
Ru
Sif Muna
Trog
Uskayaw
Wu Jian
Xom
Yredelemnul
Zin
The Shining One


Innate Abilities, Weirdness & Mutations

You are too large for most types of armour.
You have claws for hands.
Your metabolism is lightning-fast.
You like to eat raw meat.
Your natural rate of healing is unusually fast.
You are covered in fur. (AC +1)
You have extremely tough skin. (AC +3)


Message History

The orc priest miscasts a cantrip.
The orc warrior hits you with a +0 war axe!
* * * LOW HITPOINT WARNING * * *
The orc wizard barely misses you.
You scratch the orc priest but do no damage.
The orc priest is almost dead.
The orc priest closely misses you.
The orc wizard hits you but does no damage.
You barely miss the orc priest.
The orc priest is almost dead.
The orc warrior hits you with a +0 war axe!!
* * * LOW HITPOINT WARNING * * *
The orc wizard completely misses you.
The orc priest hits you but does no damage.
You claw the orc priest!
You kill the orc priest!
Okawaru accepts your kill. The orc wizard closely misses you.
The orc warrior hits you with a +0 war axe!
You die...

#.....##########
........#.....#....#....
........#.)....... #....
........#.....# #....
#......#.....# +....
#.....o#.....# #....
#....oo#.....# #...<
#...o)oo.....# #....
#### #@#.....##########
#...##.##+##...........
#..........#...........
+..........#.(.........
#..........#(..........
#...##..##+#...........
#+####..#......#+######
#......÷'.(....+
#....[.÷#......#


You could see an orc warrior, an orc wizard and 4 orcs.

Vanquished Creatures
  Edmund (D:4)
  2 ogres
  A centaur (D:7)
  2 scorpions (D:5)
  3 killer bees (D:4)
  A howler monkey (D:6)
  A centaur zombie (D:6)
  A hound (D:6)
  2 jellies
  4 orc priests
  5 orc wizards
  3 iguanas
  7 worker ants
  A killer bee zombie (D:6)
  3 hound skeletons
  9 adders
  A shadow imp (D:5)
  3 worms (D:2)
  7 dart slugs
  7 leopard geckos
  32 orcs
  2 ball pythons (D:3)
  9 bats
  6 giant cockroaches
  10 goblins
  8 hobgoblins
  10 jackals
  2 quokkas
  9 frilled lizards
  A jackal zombie (D:5)
  5 kobolds
  A leopard gecko skeleton (D:4)
  A quokka zombie (D:5)
  7 rats
167 creatures vanquished.

Notes
Turn   | Place    | Note
-------+----------+-------------------------------------------
     0 | D:1      | Kohma the Troll Monk began the quest for the Orb.
     0 | D:1      | Reached XP level 1. HP: 22/22 MP: 0/0
   233 | D:1      | Reached XP level 2. HP: 25/29 MP: 1/1
   535 | D:1      | Reached skill level 4 in Unarmed Combat
   587 | D:1      | Reached XP level 3. HP: 36/36 MP: 2/2
  1177 | D:2      | Found a hide-covered altar of Uskayaw.
  1180 | D:2      | Noticed a +0 dagger
  1180 | D:2      | Noticed a +0 dagger
  1785 | D:3      | Reached XP level 4. HP: 44/44 MP: 3/3
  1797 | D:3      | Reached skill level 5 in Unarmed Combat
  1831 | D:3      | Reached XP level 5. HP: 47/50 MP: 4/4
  1853 | D:3      | Reached skill level 6 in Unarmed Combat
  2117 | D:3      | Found a hazy altar of Hepliaklqana.
  2267 | D:3      | Found an iron altar of Okawaru.
  2273 | D:3      | Became a worshipper of Warmaster Okawaru
  2273 | D:3      | Reached * piety under Okawaru
  2273 | D:3      | Reached ** piety under Okawaru
  2462 | D:3      | Noticed an ogre
  2483 | D:3      | Killed an ogre
  2483 | D:3      | Reached XP level 6. HP: 59/59 MP: 5/5
  2895 | D:4      | Noticed Edmund
  2905 | D:4      | Killed Edmund
  2905 | D:4      | Reached skill level 7 in Unarmed Combat
  2905 | D:4      | Reached XP level 7. HP: 58/67 MP: 6/6
  3333 | D:5      | Entered Level 5 of the Dungeon
  3710 | D:5      | Reached *** piety under Okawaru
  3953 | D:5      | Reached skill level 8 in Unarmed Combat
  4011 | D:5      | Reached XP level 8. HP: 78/78 MP: 7/7
  4286 | D:6      | Found a staircase to the Ecumenical Temple.
  4293 | Temple   | Entered the Ecumenical Temple
  4733 | D:6      | Reached skill level 1 in Invocations
  4800 | D:6      | Found a bloodstained altar of Trog.
  5361 | D:7      | Reached **** piety under Okawaru
  5361 | D:7      | Reached skill level 9 in Unarmed Combat
  5419 | D:7      | HP: 2/79 [orc warrior/+0 war axe (22)]
  5420 | D:7      | Slain by an orc warrior

Levels and vault maps discovered:
D:1:      sevenhm_arrival_forest_fort_large_4, layout_loops_corners,
          minmay_hexomino_p4
D:2:      layout_loops_corners, dancing_weapons_uskayaw
D:3:      kennysheep_six_static_rooms, layout_loops_cross, lemuel_crystal_altar,
          okawaru_ov_weapons_minmay
D:4:      layout_basic, first_ration, kennysheep_crisscross, uniq_edmund
D:5:      layout_basic
D:6:      layout_loops_ring, lightli_temple_of_fire,
          minmay_temple_entry_nine_rooms
D:7:      layout_gridville, kennysheep_little_box
Temple:   hc_temple_tempest_star

Skill      XL: |  1  2  3  4  5  6  7  8 |
---------------+-------------------------+-----
Unarmed Combat | 4 5 6 7 8 9 |  9.0
Fighting       | 3 4 |  4.5
Dodging        | 3 4 |  4.0
Invocations    | 2 |  2.0
Stealth        | |  1.0
Shields        | |  0.8

Action                   |  1- 3 |  4- 6 |  7- 9 || total
-------------------------+-------+-------+-------++-------
Melee: Unarmed           |   126 |   125 |   192 ||   443
       Punch             |     2 |     4 |     7 ||    13
  Use: Scroll            |       |       |    15 ||    15
 Stab: Sleeping          |     3 |     2 |     4 ||     9
  Eat: Chunk             |    21 |    11 |    23 ||    55
Armor: Robe              |    54 |    37 |    51 ||   142
Dodge: Dodged            |    66 |    67 |   101 ||   234

Table legend:
 A = Non-vault XP
 B = Vault XP
 C = Vault XP percentage of total XP
 D = Non-vault monster count
 E = Vault monster count
 F = Vault count percentage of total count
                 A         B        C        D         E       F
            +---------+---------+-------+---------+---------+-------
      Total |    1962 |     289 |  12.8 |     156 |      11 |   6.6
            +---------+---------+-------+---------+---------+-------
        D:1 |      35 |      10 |  22.2 |      20 |       5 |  20.0
        D:2 |      51 |       0 |   0.0 |      25 |       0 |   0.0
        D:3 |     237 |     126 |  34.7 |      32 |       5 |  13.5
        D:4 |     378 |     153 |  28.8 |      22 |       1 |   4.3
        D:5 |     540 |       0 |   0.0 |      34 |       0 |   0.0
        D:6 |     504 |       0 |   0.0 |      15 |       0 |   0.0
        D:7 |     217 |       0 |   0.0 |       8 |       0 |   0.0
            +---------+---------+-------+---------+---------+-------
